 Dungeon Crawl Stone Soup version 0.30-a0-1074-g5db6f66fbb (webtiles) character file.

Game seed: 17128434392279329439

764 CryoSword the Grave Robber (level 7, 0/47 (51) HPs)
             Began as a Gnoll Necromancer on Apr 14, 2023.
             Slain by a wight
             ... wielding a +1 dagger of freezing
              (3 damage)
             ... on level 5 of the Dungeon.
             The game lasted 00:04:26 (4021 turns).

CryoSword the Grave Robber (Gnoll Necromancer)      Turns: 4021, Time: 00:04:27

HP:   0/47 (51)     AC:  5    Str:  8    XL:     7   Next: 81%
MP:   15/15         EV: 13    Int: 16    God:
Gold: 186           SH:  0    Dex: 12    Spells: 13/17 levels left

rFire   . . .      SeeInvis .    t - +0 scythe (flame)
rCold   . . .      Faith    .    (shield currently unavailable)
rNeg    . . .      Spirit   .    a - +0 robe
rPois   .          Reflect  .    i - +0 helmet
rElec   .          Rampage  .    w - +1 cloak {rCorr}
rCorr   +                        (no gloves)
Will    .....                    (no boots)
Stlth   +++                      (no amulet)
HPRegen 0.27/turn                (no ring)
MPRegen 0.14/turn                (no ring)

@: drained
A: fangs 1, strong nose, distributed training
a: no special abilities


You were on level 5 of the Dungeon.
You visited 1 branch of the dungeon, and saw 5 of its levels.

You collected 186 gold pieces.

Inventory:

Hand Weapons
 t - a +0 scythe of flaming (weapon)
   (You took it off Sigmund on level 4 of the Dungeon)
Missiles
 e - a throwing net
 n - 6 boomerangs
 q - 6 atropa-tipped darts
Armour
 a - a +0 robe (worn)
 i - a +0 helmet (worn)
   (You found it on level 2 of the Dungeon)
 w - a +1 cloak of preservation (worn)
   (You took it off Crazy Yiuf on level 4 of the Dungeon)
Wands
 m - a wand of charming (24)
   (You found it on level 2 of the Dungeon)
Scrolls
 c - a scroll of blinking {unknown}
 d - 3 scrolls of poison {!r}
 k - a scroll of enchant armour {unknown}
 l - a scroll of summoning {unknown}
 u - a scroll of identify {@r1}
 v - a scroll of magic mapping
Potions
 b - a potion of magic
 f - 3 potions of brilliance
 g - a potion of haste {unknown}
 h - 2 potions of mutation {!q}
 j - 2 potions of flight {unknown}
 o - 3 potions of curing {@q1}
 p - a potion of lignification {unknown}
 r - a potion of ambrosia {unknown}
 s - a potion of cancellation {unknown}


   Skills:
 + Level 2.8 Fighting
 + Level 2.8 Short Blades
 + Level 2.8 Long Blades
 + Level 2.8 Axes
 + Level 2.8 Maces & Flails
 + Level 2.8 Polearms
 + Level 2.8 Staves
 + Level 2.8 Ranged Weapons
 + Level 2.8 Throwing
 + Level 2.8 Armour
 + Level 5.4 Dodging
 + Level 5.1 Stealth
 + Level 2.8 Shields
 + Level 2.8 Unarmed Combat
 + Level 5.8 Spellcasting
 + Level 2.3 Conjurations
 + Level 2.3 Hexes
 + Level 2.3 Summonings
 + Level 7.5 Necromancy
 + Level 2.3 Translocations
 + Level 2.3 Transmutations
 + Level 2.3 Fire Magic
 + Level 2.3 Ice Magic
 + Level 2.3 Air Magic
 + Level 2.3 Earth Magic
 + Level 2.3 Poison Magic
 + Level 3.1 Invocations
 + Level 2.8 Evocations


You had 13 spell levels left.
You knew the following spells:

 Your Spells              Type           Power      Damage    Failure   Level
a - Necrotise             Necr           100%       1d9       1%          1
b - Vampiric Draining     Necr           28%        2d8       1%          3

Your spell library contained the following spells:

 Spells                   Type           Power      Damage    Failure   Level
 Animate Dead             Necr           28%        N/A       6%          4
 Stone Arrow              Conj/Erth      24%        3d8       16%         3
 Agony                    Necr           28%        N/A       19%         5
 Animate Armour           Summ/Erth      24%        N/A       47%         4
 Lehudib's Crystal Spear  Conj/Erth      6%         10d3      100%        8


Dungeon Overview and Level Annotations

Branches:
Dungeon (5/15)
 Temple: D:4-7

Altars:
Fedhas
Gozag
Vehumet
The Shining One


Innate Abilities, Weirdness & Mutations

You have very sharp teeth.
Your uncanny sense of smell can sniff out nearby items.
Your experience applies equally to all skills.


Message History

An orc is nearby!
Found a robe.
The orc shouts!
You reach to attack!
You puncture the orc! You burn the orc.
You kill the orc!
No target in view!
An ogre comes into view. It is wielding a +0 giant club.
You see here a +0 short sword.
An ogre is nearby!
An ogre is nearby!
An ogre is nearby!
You reach to attack!
The ogre shouts!
You slash the ogre! You burn the ogre. You puncture the ogre!
You burn the ogre. The ogre closely misses you.
Aim: an ogre, wielding a +0 giant club (almost dead)
You draw life force from the ogre!
You kill the ogre!
Your Stealth skill increases to level 5!
You see here a +0 giant club.
You see here a +0 robe.
A dart slug comes into view.
A dart slug is nearby!
A dart slug is nearby!
Found a leather armour.
You can't see any susceptible monsters within range! (Use Z to cast anyway.) Unknown command.
You can't see any susceptible monsters within range! (Use Z to cast anyway.)
Aim: a dart slug (chance to affect: 93%)
The dart slug writhes in agony.
The dart slug launches a dart at you. The slug dart misses you.
Aim: a dart slug (heavily wounded, chance to affect: 93%)
The dart slug writhes in agony!
You kill the dart slug!
You can't see any susceptible monsters within range! (Use Z to cast anyway.) Unknown command.
Unknown command.
o - 3 potions of curing {@q1} (gained 1)
An ufetubus comes into view.
The ufetubus shouts!
An ufetubus is nearby!
An ufetubus is nearby!
An ufetubus is nearby!
The ufetubus closely misses you. The ufetubus barely misses you.
You can't see any susceptible monsters within range! (Use Z to cast anyway.) Unknown command.
You can't see any susceptible monsters within range! (Use Z to cast anyway.) Unknown command.
You puncture the ufetubus! You burn the ufetubus.
You kill the ufetubus!
No target in view!
Found 7 stones.
Found an escape hatch in the ceiling.
Found 6 stones.
You see here a +0 leather armour.
A white imp comes into view.
Found 4 stones.
A white imp is nearby!
A white imp is nearby!
You can't see any susceptible monsters within range! (Use Z to cast anyway.) Unknown command.
You can't see any susceptible monsters within range! (Use Z to cast anyway.) Unknown command.
You barely miss the white imp.
You bite the white imp, but do no damage.
The white imp gestures at you. The puff of frost hits you!
You barely miss the white imp. The white imp hits you.
The white imp freezes you. The white imp misses you.
You hit the white imp. You burn the white imp. The white imp gestures at you.
The puff of frost hits you!
You are too injured to fight recklessly!
You are too injured to fight recklessly!
You are too injured to fight recklessly!
Unknown command.
You hit the white imp. You burn the white imp.
You kill the white imp!
A black bear is nearby!
A black bear is nearby!
A black bear is nearby!
You can't see any susceptible monsters within range! (Use Z to cast anyway.) Unknown command.
Unknown command.
You see here a +0 leather armour.
g - a fizzy white potion You start resting.
A black bear is nearby!
Aim: a black bear (wandering, hasn't noticed you, chance to affect: 83%)
The black bear growls angrily.
The black bear writhes in agony.
Aim: a black bear (lightly wounded, chance to affect: 83%)
The black bear writhes in agony.
Aim: a black bear (moderately wounded, chance to affect: 83%)
The black bear writhes in agony!
Aim: a black bear (heavily wounded)
You draw life force from the black bear!
You feel life coursing into your body. The black bear misses you.
The black bear barely misses you. The black bear completely misses you.
Aim: a black bear (almost dead)
You draw life force from the black bear!
You kill the black bear!
Your Invocations skill increases to level 3!
u - a scroll of identify {@r1} 3 wights come into view.
A wight is wielding a +1 dagger of freezing.
There are monsters nearby!
There are monsters nearby!
Reach: t) +0 scythe (flame)
Aim: a wight, wielding a +4 hand axe and wearing a +0 robe (about 50% to evade your +0 scythe of flaming)
You reach to attack!
You hit the wight. You burn the wight. You hit the wight. You burn the wight.
The wight misses you.
You puncture the wight! You burn the wight.
You destroy the wight!
Reach: t) +0 scythe (flame)
Aim: a wight, wielding a +4 falchion and wearing a +0 robe (about 50% to evade your +0 scythe of flaming)
You reach to attack!
You hit the wight. You burn the wight. You closely miss the wight.
The wight closely misses you. The wight barely misses you.
You barely miss the wight. You bite the wight, but do no damage.
The wight closely misses you.
You hit the wight but do no damage. Your bite misses the wight.
The wight hits you with a +4 falchion!
You hit the wight but do no damage. The wight hits you with a +4 falchion!
You feel drained. The wight hits you with a +4 falchion!
* * * LOW HITPOINT WARNING * * *
You feel drained.
* * * LOW HITPOINT WARNING * * *
The wight attacks as you move away! The wight hits you with a +4 falchion.
* * * LOW HITPOINT WARNING * * *
Okay, then.
You closely miss the wight. The wight barely misses you.
The wight attacks as you move away! The wight closely misses you.
You puncture the wight! You burn the wight. The wight closely misses you.
You hit the wight but do no damage. The wight completely misses you.
The wight hits you with a +4 falchion.
* * * LOW HITPOINT WARNING * * *
You closely miss the wight. The wight closely misses you.
You closely miss the wight. The wight barely misses you.
You hit the wight but do no damage. The wight closely misses you. x2
You hit the wight. You burn the wight. The wight hits you with a +4 falchion.
* * * LOW HITPOINT WARNING * * *
You hit the wight but do no damage. The wight barely misses you.
You hit the wight. You burn the wight.
You destroy the wight!
The wight hits you with a +1 dagger of freezing.
* * * LOW HITPOINT WARNING * * *
The wight freezes you.
You die...

###.z.###...###...##
..###.........###.. ##
##...###..)###.#... ..###
........###.....#
...#.###...###.#......#
....#...###.....#.....#..
....#....#......#......# ###
#...#.....#.....#z....###...
. .###.#....#.....@#.###.#...
.. #...###...#.....###.....#
... #...h#.###.#.###.#......#
....
#..<†.#...###...†.#..<..#....
.#....#....#......#.....(#
###...#.....#.....#[.†..## .
.###.#....#......#.###.#... #
###...#.....###.....#
#.###.#.###.#......#


You could see a wight.

Vanquished Creatures
  Sigmund (D:4)
  2 black bears
  An ogre (D:5)
  A scorpion (D:4)
  2 wights (D:5)
  A hound (D:5)
  A jelly (D:4)
  Crazy Yiuf (D:4)
  A sleepcap (D:5)
  An iguana (D:3)
  An adder (D:3)
  A white imp (D:5)
  An ufetubus (D:5)
  3 dart slugs
  A worm (D:3)
  6 orcs
  8 ball pythons
  10 endoplasms
  2 giant cockroaches (D:3)
  6 goblins
  4 hobgoblins
  2 jackals (D:4)
  5 kobolds
  2 quokkas
  6 bats
  3 frilled lizards
  5 rats
78 creatures vanquished.

Vanquished Creatures (collateral kills)
  A goblin (D:1)
1 creature vanquished.

Grand Total: 79 creatures vanquished

Notes
Turn   | Place    | Note
-------+----------+-------------------------------------------
     0 | D:1      | CryoSword the Gnoll Necromancer began the quest for the
                  | Orb.
     0 | D:1      | Reached XP level 1. HP: 13/13 MP: 6/6
   162 | D:1      | Reached XP level 2. HP: 19/19 MP: 2/7
  1170 | D:2      | Identified the +1 ring mail "Kumy" {rElec}
  1184 | D:2      | Identified the +4 flail "Qoh Zuehu" {heavy, *Corrode rElec
                  | rF+}
  1254 | D:2      | Reached skill level 5 in Spellcasting
  1254 | D:2      | Reached XP level 3. HP: 25/25 MP: 6/9
  1649 | D:3      | Reached skill level 1 in Invocations
  1743 | D:3      | Found a faded altar of an unknown god.
  1834 | D:3      | Learned a level 3 spell: Vampiric Draining
  1951 | D:3      | Reached skill level 1 in Fighting
  1951 | D:3      | Reached skill level 1 in Short Blades
  1951 | D:3      | Reached skill level 1 in Long Blades
  1951 | D:3      | Reached skill level 1 in Axes
  1951 | D:3      | Reached skill level 1 in Maces & Flails
  1951 | D:3      | Reached skill level 1 in Polearms
  1951 | D:3      | Reached skill level 1 in Staves
  1951 | D:3      | Reached skill level 1 in Ranged Weapons
  1951 | D:3      | Reached skill level 1 in Throwing
  1951 | D:3      | Reached skill level 1 in Armour
  1951 | D:3      | Reached skill level 1 in Shields
  1951 | D:3      | Reached skill level 1 in Unarmed Combat
  1951 | D:3      | Reached skill level 1 in Evocations
  1996 | D:3      | Found an opulent altar of Gozag.
  2006 | D:3      | Found a radiant altar of Vehumet.
  2006 | D:3      | Found a blossoming altar of Fedhas.
  2068 | D:3      | Found a glowing golden altar of the Shining One.
  2161 | D:3      | Reached XP level 4. HP: 32/32 MP: 9/11
  2393 | D:3      | Reached skill level 1 in Conjurations
  2393 | D:3      | Reached skill level 1 in Hexes
  2393 | D:3      | Reached skill level 1 in Summonings
  2393 | D:3      | Reached skill level 1 in Translocations
  2393 | D:3      | Reached skill level 1 in Transmutations
  2393 | D:3      | Reached skill level 1 in Fire Magic
  2393 | D:3      | Reached skill level 1 in Ice Magic
  2393 | D:3      | Reached skill level 1 in Air Magic
  2393 | D:3      | Reached skill level 1 in Earth Magic
  2393 | D:3      | Reached skill level 1 in Poison Magic
  2775 | D:4      | Noticed Sigmund
  2783 | D:4      | Killed Sigmund
  2784 | D:4      | Reached XP level 5. HP: 20/38 MP: 5/12
  2784 | D:4      | Reached XP level 6. HP: 23/44 MP: 5/14
  2894 | D:4      | Noticed a black bear
  2902 | D:4      | Killed a black bear
  2903 | D:4      | Reached skill level 5 in Dodging
  3527 | D:4      | Found a runed translucent door.
  3528 | D:4      | Noticed Crazy Yiuf
  3535 | D:4      | Killed Crazy Yiuf
  3615 | D:5      | Entered Level 5 of the Dungeon
  3618 | D:5      | Reached XP level 7. HP: 50/50 MP: 15/15
  3748 | D:5      | Reached skill level 5 in Stealth
  4021 | D:5      | Slain by a wight

Illustrated notes

Levels and vault maps discovered:
D:1:      dpeg_arrival_boxorama, layout_loops_ring
D:2:      layout_rooms
D:3:      layout_loops_ring, grunt_temple_overflow_open,
          shapermc_ecumenical_altar_starsandcircs
D:4:      layout_loops_corners, chequers_hall_statues_wall_a,
          uniq_crazy_yiuf_cottage, uniq_sigmund
D:5:      nicolae_BIG_FREAKIN_CUBE, layout_loops_ring,
          minmay_temple_entry_nine_rooms, ebering_ghost_sewer_d

Skill      XL: |  1  2  3  4  5  6  7 |
---------------+----------------------+-----
Spellcasting   | 5 |  5.8
Invocations    | 1 2 3 |  3.1
Fighting       | 1 2 |  2.8
Short Blades   | 1 2 |  2.8
Long Blades    | 1 2 |  2.8
Axes           | 1 2 |  2.8
Maces & Flails | 1 2 |  2.8
Polearms       | 1 2 |  2.8
Staves         | 1 2 |  2.8
Ranged Weapons | 1 2 |  2.8
Throwing       | 1 2 |  2.8
Armour         | 1 2 |  2.8
Shields        | 1 2 |  2.8
Unarmed Combat | 1 2 |  2.8
Evocations     | 1 2 |  2.8
Conjurations   | 1 2 |  2.3
Hexes          | 1 2 |  2.3
Summonings     | 1 2 |  2.3
Translocations | 1 2 |  2.3
Transmutations | 1 2 |  2.3
Fire Magic     | 1 2 |  2.3
Ice Magic      | 1 2 |  2.3
Air Magic      | 1 2 |  2.3
Earth Magic    | 1 2 |  2.3
Poison Magic   | 1 2 |  2.3
Dodging        | 5 |  5.4
Stealth        | 5 |  5.1
Necromancy     | |  7.5

Action                     |  1- 3 |  4- 6 |  7- 9 || total
---------------------------+-------+-------+-------++-------
  Melee: Unarmed           |     2 |       |       ||     2
         Mace              |     7 |     5 |       ||    12
         Halberd           |       |    12 |    26 ||    38
         Bite              |       |       |     3 ||     3
   Cast: Necrotise         |    73 |    31 |     9 ||   113
         Vampiric Draining |     1 |     4 |     7 ||    12
    Use: Scroll            |     3 |     5 |       ||     8
         Potion            |       |     1 |       ||     1
   Stab: Sleeping          |       |     2 |       ||     2
 Armour: Robe              |     8 |     6 |     4 ||    18
  Dodge: Dodged            |    23 |    15 |    28 ||    66

Table legend: (Time is in decaauts)
 A = Elapsed time spent in this place.
 B = Non-inter-level travel time spent in this place.
 C = Inter-level travel time spent in this place.
 D = Time resting spent in this place.
 E = Time spent auto-exploring this place.
 F = Levels seen in this place.
 G = Mean time per level.
                   A        B        C        D        E       F      G
               +--------+--------+--------+--------+--------+-----+--------+
         Total |   4037 |   3906 |    131 |     76 |   3311 |   5 |  807.4 |
       Dungeon |   4037 |   3906 |    131 |     76 |   3311 |   5 |  807.4 |
               +--------+--------+--------+--------+--------+-----+--------+

Top non-repeatable levels by time:
     D:4: 1237 daAuts
     D:1: 1004 daAuts
     D:3: 863 daAuts
     D:2: 617 daAuts
     D:5: 314 daAuts
